 Dungeon Crawl Stone Soup version 0.23.2-30-g0e89c35649 (webtiles) character file.

Game seed: 7320545495057512885

136 1994 the Chopper (level 5, -4/40 HPs)
             Began as a Formicid Warper on June 12, 2019.
             Slain by an orc wizard
             ... wielding a +0 dagger of protection
              (5 damage)
             ... on level 2 of the Dungeon.
             The game lasted 00:12:16 (2859 turns).

1994 the Chopper (Formicid Warper)                  Turns: 2859, Time: 00:12:17

Health: -4/40      AC:  4    Str: 16    XL:     5   Next: 43%
Magic:  1/9        EV: 12    Int: 13    God:
Gold:   47         SH:  0    Dex: 10    Spells: 0/9 levels left

rFire    . . .     SeeInvis +   a - +0 hand axe
rCold    . . .     Gourm    .   (no shield)
rNeg     . . .     Faith    .   b - +0 leather armour
rPois    .         Spirit   .   (helmet unavailable)
rElec    .         Reflect  .   (no cloak)
rCorr    .         Harm     .   g - +0 pair of gloves
MR       .....                  (no boots)
Stlth    +.........             (no amulet)
HPRegen  0.13/turn              (no ring)
MPRegen  0.11/turn              (no ring)

@: no status effects
A: permanent stasis, dig shafts and tunnels, four strong arms, antennae 3
a: Dig, Shaft Self


You were on level 2 of the Dungeon.
You were hungry.

You visited 1 branch of the dungeon, and saw 2 of its levels.

You collected 47 gold pieces.

Inventory:

Hand Weapons
 a - a +0 hand axe (weapon)
 r - a +0 blowgun
Missiles
 e - 5 tomahawks of dispersal (quivered)
 j - 51 sling bullets
 m - 29 stones
 s - 17 poisoned needles
Armour
 b - a +0 leather armour (worn)
 g - a +0 pair of gloves (worn)
 h - a +0 plate armour
Jewellery
 i - a +3 ring of slaying {unknown}
Scrolls
 c - 4 scrolls of identify {unknown}
 d - 2 scrolls of blinking
 l - 3 scrolls of fear {unknown}
 n - 4 scrolls of remove curse {unknown}
 p - a scroll of teleportation {unknown}
Potions
 o - a potion of degeneration {unknown}
Comestibles
 f - 4 rations
 q - 2 chunks of flesh


   Skills:
 + Level 2.9 Fighting
 * Level 3.3 Axes
 - Level 1.0 Throwing
 + Level 2.0 Armour
 + Level 2.4 Dodging
 + Level 2.8 Spellcasting
 + Level 3.1 Translocations


You couldn't memorise any spells.
You knew the following spells:

 Your Spells              Type           Power        Failure   Level  Hunger
a - Shroud of Golubria    Chrm/Tloc      #.........   22%         2    ###....
b - Teleport Other        Tloc           #.......     24%         3    ###....
c - Passage of Golubria   Tloc           N/A          63%         4    #####..

Your spell library contained the following spells:

 Spells                   Type           Power        Failure   Level  Hunger
 Gell's Gravitas          Tloc           #.........   24%         3    ###....
 Lesser Beckoning         Tloc           #.........   24%         3    ###....
 Blink                    Tloc           Unusable     N/A         2    N/A

Dungeon Overview and Level Annotations

Branches:
Dungeon (2/15)

Altars:

Annotations:
D:2 Natasha


Innate Abilities, Weirdness & Mutations

You cannot be hasted, slowed, berserked, paralysed or teleported.
You can dig through walls and to a lower floor.
Your four strong arms can wield two-handed weapons with a shield.
You have a pair of large antennae on your head. (SInv)


Message History

You see here a +0 hand axe.
Natasha mumbles some strange words.
You hit the orc wizard but do no damage.
The orc wizard is almost dead.
The orc wizard hits you with a +0 dagger of protection.
* * * LOW HITPOINT WARNING * * *
Unknown command.
Unknown command.
You barely miss the orc wizard.
The orc wizard is almost dead.
The orc wizard hits you but does no damage.
Natasha mumbles some strange words.
The orc wizard hits you with a +0 dagger of protection.
* * * LOW HITPOINT WARNING * * *
Unknown command.
Unknown command.
You hit the orc wizard but do no damage.
The orc wizard is almost dead.
The orc wizard hits you with a +0 dagger of protection.
You die...

.. #.# #.# #.............
..###.##########.######.#########
.>....)..........................
..#......................#......#
..#...###......#.##.###..#......#
......# #......#.##.# #..#......#
..#...# #......#.##.###..........
#.#...# #......#.##....).#......#
......# #......#@######..########
#.#...# #......#o######..# #.##..
#.#...###................# #.##..
#..................####..# #.##..
......)##.....##.#.##.#..###.##..
.....<.##...h.#....##.#......##..
....##.##..5.{#..#.##.#.####.##..
....##.##.....#..#.##.#..###.##..
....##........'...............'..


You could see an orc wizard, Natasha and a crimson imp.

Vanquished Creatures
  Natasha (twice) (D:2)
  2 adders (D:2)
  2 oozes
  2 dart slugs
  A leopard gecko (D:2)
  3 orcs
  A giant cockroach (D:1)
  9 goblins
  2 hobgoblins (D:1)
  2 jackals (D:2)
  8 kobolds
  A ball python (D:1)
  11 bats
  5 frilled lizards
  5 rats
  5 plants (D:1)
61 creatures vanquished.

Notes
Turn   | Place    | Note
-------+----------+-------------------------------------------
     0 | D:1      | 1994 the Formicid Warper began the quest for the Orb.
     0 | D:1      | Reached XP level 1. HP: 16/16 MP: 3/3
   246 | D:1      | Reached XP level 2. HP: 22/23 MP: 5/5
   559 | D:1      | Learned a level 2 spell: Shroud of Golubria
   657 | D:1      | Reached XP level 3. HP: 23/28 MP: 6/6
  1153 | D:1      | Learned a level 3 spell: Teleport Other
  1596 | D:2      | Reached XP level 4. HP: 30/34 MP: 7/7
  1721 | D:2      | Noticed Natasha
  1729 | D:2      | Killed Natasha
  1830 | D:2      | Noticed Natasha
  1851 | D:2      | Killed Natasha
  1851 | D:2      | Reached XP level 5. HP: 11/40 MP: 1/9
  2371 | D:2      | Learned a level 4 spell: Passage of Golubria
  2823 | D:2      | Noticed Natasha
  2858 | D:2      | HP: 1/40 [orc wizard/+0 dagger of protection (5)]
  2859 | D:2      | Slain by an orc wizard

Skill      XL: |  1  2  3  4  5 |
---------------+----------------+-----
Dodging        | 2 |  2.4
Axes           | 3 |  3.3
Translocations | 3 |  3.1
Armour         | 2 |  2.0
Fighting       | |  2.9
Throwing       | |  1.0
Spellcasting   | |  2.8

Action                   |  1- 3 |  4- 6 || total
-------------------------+-------+-------++-------
Melee: Hand axe          |   345 |   105 ||   450
 Cast: Shroud of Golubri |       |    10 ||    10
       Teleport Other    |       |     4 ||     4
  Use: Potion            |       |     1 ||     1
  Eat: Chunk             |     3 |     5 ||     8
Armor: Leather armour    |    62 |    25 ||    87
Dodge: Dodged            |   112 |    82 ||   194
